 Dungeon Crawl Stone Soup version 0.29-a0-418-gc0181ea820 (webtiles) character file.

Game seed: 2068313206691117005

52 spiderkeys the Skirmisher (level 3, -1/40 HPs)
             Began as an Ogre Abyssal Knight on May 18, 2022.
             Was a Priest of Lugonu.
             Slain by Crazy Yiuf
             ... wielding a +4 quarterstaff of chaos
              (15 damage)
             ... on level 2 of the Dungeon.
             The game lasted 00:01:39 (2130 turns).

spiderkeys the Skirmisher (Ogre Abyssal Knight)     Turns: 2130, Time: 00:01:40

Health: -1/40      AC:  3    Str: 17    XL:     3   Next: 85%
Magic:  5/5        EV: 10    Int: 13    God:    Lugonu [***...]
Gold:   76         SH:  0    Dex:  9    Spells: 2/2 levels left

rFire   . . .      SeeInvis .   a - +1 spear (flame)
rCold   . . .      Faith    .   (no shield)
rNeg    . . .      Spirit   .   b - +0 robe
rPois   .          Reflect  .   (helmet restricted)
rElec   .          Harm     .   (no cloak)
rCorr   .          Rampage  .   (gloves unavailable)
Will    .....                   (boots unavailable)
Stlth   +.........              (no amulet)
HPRegen 0.13/turn               (no ring)
MPRegen 0.09/turn               (no ring)

@: slowed, very slow
A: large, unfitting armour, tough skin 1
a: Renounce Religion, Depart the Abyss, Bend Space, Banish


You were on level 2 of the Dungeon.
You worshipped Lugonu.
Lugonu was most pleased with you.
You visited 1 branch of the dungeon, and saw 2 of its levels.
You visited the Abyss 1 time.

You collected 76 gold pieces.


Innate Abilities, Weirdness & Mutations

You are too large for most types of armour.
You have tough skin. (AC +1)


   Skills:
 + Level 4.6 Fighting
 + Level 2.6 Polearms
 + Level 2.6 Dodging
 + Level 2.6 Invocations


You had 2 spell levels left.
You didn't know any spells.
Your spell library contained the following spells:

 Spells                   Type           Power      Damage    Failure   Level
 Frozen Ramparts          Ice            0%         1d2       67%         3
 Ice Form                 Ice/Tmut       0%         N/A       97%         4
 Summon Ice Beast         Ice/Summ       0%         N/A       97%         4

Inventory:

Hand Weapons
 a - a +1 spear of flaming (weapon)
Missiles
 c - 42 stones
Armour
 b - a +0 robe (worn)
 g - a +0 robe
   (You found it on level 1 of the Dungeon)
 j - a +0 robe
   (You found it on level 2 of the Dungeon)
Scrolls
 f - a scroll of identify {unknown}
 l - 2 scrolls of fear {unknown}
Potions
 d - 2 potions of curing {unknown}
 e - a potion of resistance {unknown}
 h - a potion of magic {unknown}
 i - a potion of attraction {unknown}
 k - a potion of heal wounds {unknown}

Dungeon Overview and Level Annotations

Branches:
Dungeon (2/15)

Altars:

Shops:
D:2 (

Annotations:
D:2 Crazy Yiuf

##### #### #)..#
##... #...#
##..♣♣ ...
##..♣♣P #g#
##..♣♣P? #@##
#..♣♣PP. ##.#
#.♣♣PPPP ###
###### #.##
##.♣_.... ..#
##....# ##.#
#..♣♣♣..P ..#
##.....# ##.##
#...♣♣.P. ..#
#......# ##...#
#.#..♣♣P. ###
#......# #....#
####.....♣♣.
#......# ##..##
#.........♣♣
#......####....#
#########...


You could see Crazy Yiuf.


Message History

Your hp is fully restored (40).
You now have 70 gold pieces (gained 8).
Found an escape hatch in the ceiling.
You now have 76 gold pieces (gained 6).
i - a bubbling golden potion
j - a +0 robe
There is an escape hatch in the ceiling here.
There is an escape hatch in the ceiling here.
d - 2 bubbling green potions (gained 1)
You see here a hobgoblin corpse.
A hobgoblin comes into view.
The hobgoblin shouts!
A hobgoblin is nearby!
You closely miss the hobgoblin. The hobgoblin hits you. 😕 HP[-1]
You take 1 damage, and now have 39/40 hp.
You barely miss the hobgoblin. The hobgoblin completely misses you.
You barely miss the hobgoblin.
The hobgoblin closely misses you. 😎 HP[+1]
Your hp is fully restored (40).
You hit the hobgoblin but do no damage. The hobgoblin hits you. 😕 HP[-4]
You take 4 damage, and now have 36/40 hp.
You barely miss the hobgoblin.
The hobgoblin hits you but does no damage.
You barely miss the hobgoblin. The hobgoblin hits you. 😕 HP[-3]
You take 3 damage, and now have 33/40 hp.
You hit the hobgoblin but do no damage. The hobgoblin barely misses you.
You barely miss the hobgoblin. The hobgoblin closely misses you.
You hit the hobgoblin. You burn the hobgoblin. The hobgoblin hits you. 😮 HP[-4]
You take 4 damage, and now have 29/40 hp.
You are too injured to fight recklessly!
You are too injured to fight recklessly!
You are too injured to fight recklessly!
You are too injured to fight recklessly!
You are too injured to fight recklessly!
You barely miss the hobgoblin.
The hobgoblin barely misses you. 😮 HP[+1]
You closely miss the hobgoblin.
The hobgoblin hits you but does no damage.
You hit the hobgoblin. You burn the hobgoblin.
You kill the hobgoblin!
Lugonu accepts your kill.
You see here a hobgoblin corpse.
Key pressed, stopping explore.
There is an escape hatch in the floor here.
Key pressed, stopping explore.
Key pressed, stopping explore.
There is a stone staircase leading up here.
There is a stone staircase leading up here.
An endoplasm comes into view. 😎 HP[+10] MP[+1]
Your hp is fully restored (40).
Your mp is fully restored (5).
An endoplasm is nearby!
You reach to attack!
You hit the endoplasm. You burn the endoplasm.
You kill the endoplasm!
Lugonu accepts your kill.
No target in view!
No target in view!
No target in view!
k - a purple potion
l - 2 scrolls labelled KIFIQE GUEF Key pressed, stopping explore.
You open the door.
There is an open door here.
You open the door.
Found a faded altar of an unknown god.
There is an open door here.
There is an open door here.
There is an open door here.
There is a stone staircase leading up here.
You see here a +0 club.
You open the door.
There is an open door here.
There is an entrance to Kiphigeaq's Weapon Shop here.
There is an open door here.
Crazy Yiuf shouts!
Failed to move towards target.
You open the door.
Crazy Yiuf yells, "Hah spinner mumblescurry!"
You puncture Crazy Yiuf! You burn Crazy Yiuf. Crazy Yiuf closely misses you.
You closely miss Crazy Yiuf.
Crazy Yiuf hits you with a +4 quarterstaff of chaos!
You feel yourself slow down. 😮 HP[-10]
You take 10 damage, and now have 30/40 hp.
MASSIVE DAMAGE!! (PAUSE)
You hit Crazy Yiuf but do no damage.
Crazy Yiuf hits you with a +4 quarterstaff of chaos!
* * * LOW HITPOINT WARNING * * *
Space warps horribly around you.
* * * LOW HITPOINT WARNING * * *
😨 HP[-17]
You take 17 damage, and now have 13/40 hp.
MASSIVE DAMAGE!! (PAUSE)
You barely miss Crazy Yiuf.
Crazy Yiuf hits you with a +4 quarterstaff of chaos!
You die...

Action                   || total
-------------------------++-------
Melee: Spear             ||   124
  Use: Scroll            ||     1
 Stab: Sleeping          ||     2
Armor: Robe              ||    33
Dodge: Dodged            ||    59

Levels and vault maps discovered:
D:1:      dpeg_arrival_snail, layout_loops_ring
D:2:      layout_rooms, serial_shops, nicolae_shop_hallway_plus,
          dilly_ecumenical_altar_fadedgnrine, uniq_crazy_yiuf_cottage

Notes
Turn   | Place    | Note
-------+----------+-------------------------------------------
     0 | Abyss:1  | spiderkeys the Ogre Abyssal Knight began the quest for the
                  | Orb.
     0 | Abyss:1  | Reached XP level 1. HP: 24/24 MP: 2/2
     0 | Abyss:1  | magus.rc [v1.11.3]
    37 | Abyss:1  | Noticed a small abomination
    43 | Abyss:1  | Noticed an orange demon
    61 | Abyss:1  | Noticed a great orb of eyes
    62 | Abyss:1  | Noticed a rakshasa
    64 | Abyss:1  | Noticed a starcursed mass
    64 | Abyss:1  | Noticed a ynoxinul
    76 | Abyss:1  | HP: 5/24 [ufetubus[a ynoxinul] (2)]
    77 | D:1      | You pass through the gate.
    77 | D:1      | Escaped the Abyss
   398 | D:1      | You pick up a book of Rime and begin reading...
   398 | D:1      | You add the spells Frozen Ramparts, Ice Form and Summon Ice
                  | Beast to your library.
   539 | D:1      | Reached XP level 2. HP: 32/32 MP: 3/3
   937 | D:1      | Reached *** piety under Lugonu
   951 | D:1      | Reached XP level 3. HP: 40/40 MP: 4/4
  1545 | D:2      | Found Kiphigeaq's Weapon Shop.
  1586 | D:2      | Found a runed translucent door.
  1587 | D:2      | Noticed Crazy Yiuf
  2065 | D:2      | Found a faded altar of an unknown god.
  2130 | D:2      | Slain by Crazy Yiuf

Vanquished Creatures
  3 dart slugs (D:1)
  3 bats (D:1)
  5 endoplasms
  A giant cockroach (D:1)
  4 goblins
  5 hobgoblins
  4 jackals (D:1)
  2 quokkas
  A ball python (D:1)
  3 frilled lizards (D:1)
  3 kobolds (D:1)
  6 rats
40 creatures vanquished.

Table legend:
 A = Non-vault XP
 B = Vault XP
 C = Vault XP percentage of total XP
 D = Non-vault monster count
 E = Vault monster count
 F = Vault count percentage of total count
                 A         B        C        D         E       F
            +---------+---------+-------+---------+---------+-------
      Total |      75 |       0 |   0.0 |      40 |       0 |   0.0
            +---------+---------+-------+---------+---------+-------
        D:1 |      57 |       0 |   0.0 |      30 |       0 |   0.0
        D:2 |      18 |       0 |   0.0 |      10 |       0 |   0.0
            +---------+---------+-------+---------+---------+-------

Illustrated notes

Table legend:
 A = Kills in this place as a percentage of kills in entire the game.
 B = Kills by you in this place as a percentage of kills by you in the entire game.
 C = Kills by friends in this place as a percentage of kills by friends in the entire game.
 D = Other kills in this place as a percentage of other kills in the entire game.
 E = Experience gained in this place as a percentage of experience gained in the entire game.
 F = Experience gained in this place divided by the number of levels of this place that you have seen.
                   A       B       C       D       E      F
               +-------+-------+-------+-------+-------+----------------------
         Total | 100.0 | 100.0 |   N/A |   N/A | 100.0 |  25.0
       Dungeon | 100.0 | 100.0 |   N/A |   N/A | 100.0 |  37.5
               +-------+-------+-------+-------+-------+----------------------

Table legend: (Time is in decaauts)
 A = Elapsed time spent in this place.
 B = Non-inter-level travel time spent in this place.
 C = Inter-level travel time spent in this place.
 D = Time resting spent in this place.
 E = Time spent auto-exploring this place.
 F = Levels seen in this place.
 G = Mean time per level.
                   A        B        C        D        E       F      G
               +--------+--------+--------+--------+--------+-----+--------+
         Total |   2127 |   2075 |     52 |    381 |   1432 |   3 |  709.0 |
       Dungeon |   2050 |   1998 |     52 |    381 |   1395 |   2 | 1025.0 |
         Abyss |     77 |     77 |      0 |      0 |     37 |   1 |   77.0 |
               +--------+--------+--------+--------+--------+-----+--------+

Top non-repeatable levels by time:
     D:1: 1378 daAuts
     D:2: 672 daAuts
 Abyss:1: 77 daAuts
